 Dungeon Crawl Stone Soup version 0.31-a0-232-gb1c03b2570 (webtiles) character file.

Game seed: 15370199444074377412

63 qw the Shooter (level 3, -4/29 HPs)
             Began as a Minotaur Hexslinger on July 7, 2023.
             Slain by a goblin
             ... wielding a +0 club
             ... led by Robin
              (5 damage)
             ... on level 3 of the Dungeon.
             The game lasted 00:00:37 (1411 turns).

qw the Shooter (Minotaur Hexslinger)                Turns: 1411, Time: 00:00:38

Health: -4/29      AC:  5    Str: 12    XL:     3   Next: 87%
Magic:  3/3        EV: 11    Int: 10    God:
Gold:   161        SH:  0    Dex: 14    Spells: 3/4 levels left

rFire   . . .        Y - +1 sling (freeze)
rCold   . . .        (no shield)
rNeg    . . .        e - +0 ring mail
rPois   .            (helmet restricted)
rElec   .            (no cloak)
rCorr   .            (no gloves)
SInv    .            (no boots)
Will    .....        (no amulet)
Stlth   +            (no ring)
HPRegen 0.24/turn    (no ring)
MPRegen 0.08/turn

%: no passive effects
@: about to teleport
A: horns 2, retaliatory headbutt
a: no special abilities


You were on level 3 of the Dungeon.
You visited 1 branch of the dungeon, and saw 3 of its levels.

You collected 161 gold pieces.


Innate Abilities, Weirdness & Mutations

You have a pair of horns on your head.
You reflexively headbutt those who attack you in melee.


   Skills:
 - Level 2.0 Fighting
 + Level 4.0 Ranged Weapons
 - Level 1.6 Armour
 - Level 2.1 Dodging
 - Level 1.0 Spellcasting
 - Level 2.0 Hexes


You had 3 spell levels left.
You knew the following spells:

 Your Spells              Type           Power      Damage    Failure   Level
a - Slow                  Hex            16%        N/A       32%         1

Your spell library contained the following spells:

 Spells                   Type           Power      Damage    Failure   Level
 Inner Flame              Hex/Fire       2%         N/A       83%         3
 Portal Projectile        Hex/Tloc       4%         N/A       83%         3
 Cause Fear               Hex            2%         N/A       97%         4

Inventory:

Hand Weapons
 Y - a +1 sling of freezing (weapon)
Armour
 e - a +0 ring mail (worn)
Scrolls
 j - a scroll of identify
Potions
 a - a potion of magic {unknown}
 b - a potion of curing {unknown}
 c - a potion of heal wounds {unknown}
 f - a potion of haste {unknown}
 g - a potion of attraction {unknown}
 h - a potion of lignification {unknown}
 i - a potion of brilliance {unknown}
 m - 2 potions of mutation {unknown}

Dungeon Overview and Level Annotations

Branches:
Dungeon (3/15)

Altars:
Elyvilon


Message History

Robin hits you with a +0 club.
A rat comes into view.
The goblin misses you.
You shoot a sling bullet. The sling bullet barely misses Robin.
Robin throws the goblin at you! The goblin hits you but does no damage.
Robin hits you with a +0 club.
A hobgoblin comes into view.
You shoot a sling bullet. The sling bullet hits Robin.
The sling bullet freezes Robin.
Robin is almost dead.
The goblin hits you with a +0 club. The rat barely misses you.
Robin laughs in a distinctly smug fashion.
Robin hits you with a +0 club. The goblin hits you but does no damage.
You shoot a sling bullet. The sling bullet hits Robin!
The sling bullet freezes Robin.
You kill Robin!
The rat barely misses you. The goblin hits you with a +0 club.
Your Armour skill increases to level 1!
1409 ||| READING scroll of teleportation.
As you read the scroll of teleportation, it crumbles to dust.
You feel strangely unstable.
The hobgoblin shouts!
The hobgoblin hits you but does no damage.
The rat barely misses you. You furiously retaliate!
You headbutt the rat. The goblin hits you with a +0 club.
You shoot a sling bullet. The sling bullet barely misses the rat.
The hobgoblin no longer looks unusually strong.
The hobgoblin barely misses you. The rat barely misses you.
The goblin closely misses you.
A hobgoblin comes into view.
The rat misses you. You furiously retaliate!
You headbutt the rat!
You kill the rat!
The hobgoblin hits you but does no damage.
You shoot a sling bullet.
The sling bullet closely misses the goblin.
The goblin hits you but does no damage. The hobgoblin barely misses you.
You furiously retaliate!
You headbutt the hobgoblin, but do no damage.
The hobgoblin hits you. The goblin hits you with a +0 club.
You die...

## g. ######g
.......#####
.....#...#
..g#.#.#
######'#@#.#
........ggg.#
..........###
..........#
..........#
..........#
..........##
...........#
...(.......##


You could see 2 hobgoblins and a goblin (strong).

Vanquished Creatures
  Robin (D:3)
  3 bats (D:1)
  4 endoplasms
  5 goblins
  7 hobgoblins
  6 jackals (D:1)
  2 quokkas
  4 ball pythons
  A frilled lizard (D:2)
  4 kobolds
  7 rats
44 creatures vanquished.

Notes
Turn   | Place    | Note
-------+----------+-------------------------------------------
     0 | D:1      | qw the Minotaur Hexslinger began the quest for the Orb.
     0 | D:1      | Reached XP level 1. HP: 16/16 MP: 1/1
     0 | D:1      | 0 ||| qw: Version: 0.3-a-46-gb1f654a
     0 | D:1      | 0 ||| qw: Game counter: 2995
     0 | D:1      | 0 ||| qw: Melee chars always use a shield: true
     0 | D:1      | 0 ||| qw: God list: Okawaru
     0 | D:1      | 0 ||| qw: Allow faded altars: false
     0 | D:1      | 0 ||| qw: Do Orc after clearing Dungeon:15 true
     0 | D:1      | 0 ||| qw: Do second Lair branch before Depths: true
     0 | D:1      | 0 ||| qw: Lair rune preference: random
     0 | D:1      | 0 ||| qw: Goals: Normal
     0 | D:1      | 0 ||| PLANNING D:1-11
    60 | D:1      | Reached skill level 3 in Ranged Weapons
   107 | D:1      | Reached XP level 2. HP: 19/23 MP: 2/2
   626 | D:1      | Reached XP level 3. HP: 26/29 MP: 3/3
   666 | D:1      | 666 ||| UPGRADING to +0 leather armour.
   676 | D:1      | 676 ||| DROPPING +0 robe.
   677 | D:1      | 677 ||| UPGRADING to +0 ring mail.
   687 | D:1      | 687 ||| DROPPING +0 leather armour.
   688 | D:1      | 688 ||| READING scroll labelled DEPNEN BETU.
   691 | D:1      | 691 ||| DROPPING scroll of poison.
   949 | D:2      | 949 ||| FLEEEEING.
   950 | D:2      | 950 ||| FLEEEEING.
   951 | D:2      | 951 ||| FLEEEEING.
   952 | D:2      | 952 ||| FLEEEEING.
  1014 | D:2      | Reached skill level 4 in Ranged Weapons
  1209 | D:2      | Found a white marble altar of Elyvilon.
  1253 | D:2      | 1253 ||| READING scroll labelled GUZ HANWOET.
  1254 | D:2      | 1254 ||| READING 2 scrolls labelled XECALI EGOAGUPH.
  1255 | D:2      | 1255 ||| READING scroll labelled POHIMM YRISO.
  1304 | D:3      | Found a faded altar of an unknown god.
  1392 | D:3      | 1392 ||| Stepping ~*~*~tactically~*~*~ (outnumbered).
  1393 | D:3      | Noticed Robin
  1395 | D:3      | 1395 ||| Stepping ~*~*~tactically~*~*~ (outnumbered).
  1408 | D:3      | Killed Robin
  1408 | D:3      | HP: 7/29 [goblin/+0 club[Robin] (3)]
  1409 | D:3      | Reached skill level 1 in Armour
  1409 | D:3      | 1409 ||| READING scroll of teleportation.
  1411 | D:3      | HP: 1/29 [hobgoblin[Robin] (4)]
  1411 | D:3      | Slain by a goblin

Levels and vault maps discovered:
D:1:      lightli_arrival_chessboard, layout_basic
D:2:      layout_rooms, basic_altar, minmay_hedge_maze, minmay_heptomino_d4
D:3:      layout_basic, chequers_ecumenical_altar_simple,
          kennysheep_generic_room_3, uniq_robin, uniq_pargi

Skill      XL: |  1  2  3 |
---------------+----------+-----
Ranged Weapons | 3 4 |  4.0
Fighting       | 2 |  2.0
Armour         | 1 |  1.6
Dodging        | |  2.1
Spellcasting   | |  1.0
Hexes          | |  2.0

Action                     || total
---------------------------++-------
   Fire: Sling             ||   135
    Use: Scroll            ||     5
 Armour: Robe              ||     7
         Ring mail         ||    16
  Dodge: Dodged            ||    59

Table legend:
 A = Non-vault XP
 B = Vault XP
 C = Vault XP percentage of total XP
 D = Non-vault monster count
 E = Vault monster count
 F = Vault count percentage of total count
                 A         B        C        D         E       F
            +---------+---------+-------+---------+---------+-------
      Total |      62 |      28 |  31.1 |      36 |       8 |  18.2
            +---------+---------+-------+---------+---------+-------
        D:1 |      47 |       0 |   0.0 |      28 |       0 |   0.0
        D:2 |      12 |       7 |  36.8 |       6 |       4 |  40.0
        D:3 |       3 |      21 |  87.5 |       2 |       4 |  66.7
            +---------+---------+-------+---------+---------+-------
